 Dungeon Crawl Stone Soup version 0.25-a0-565-g8875c97ebb (webtiles) character file.

Game seed: 3916094923274340183, levelgen mode: deterministic

138973 An17 the Wrestler (level 17, -3/154 HPs)
             Began as a Ghoul Monk on Feb 26, 2020.
             Was the Champion of Okawaru.
             Slain by an eight-headed hydra (11 damage)
             ... called by a spriggan druid
             ... on level 4 of the Swamp.
             The game lasted 01:56:26 (25029 turns).

An17 the Wrestler (Ghoul Monk)                     Turns: 25029, Time: 01:56:27

Health: -3/154     AC: 39    Str: 27    XL:     17   Next: 27%
Magic:  21/21      EV: 13    Int:  5    God:    Okawaru [******]
Gold:   2391       SH:  0    Dex: 14    Spells: 16/16 levels left

rFire    x . .     SeeInvis .     - Unarmed
rCold    + + +     Gourm    .   (no shield)
rNeg     + + +     Faith    +   F - +9 ice dragon scales "Kuokhlik" {rF- rC++ Dex+3}
rPois    ∞         Spirit   .   X - +0 helmet
rElec    .         Reflect  .   D - +2 cloak
rCorr    .         Harm     .   t - +2 pair of gloves {Str+3}
MR       +....                  u - +0 pair of boots
Stlth    ..........             N - amulet of faith
HPRegen  0.00/turn              U - ring of Ebloaleb {rN+ Str+2}
MPRegen  0.17/turn              V - +5 ring of protection

@: mighty, rotting
A: rotting body, claws 1, carnivore, cold resistance 1, negative energy
resistance 3, inhibited regeneration, torment resistance, unbreathing
a: Heroism, Finesse, Renounce Religion


You were on level 4 of the Swamp.
You worshipped Okawaru.
Okawaru was exalted by your worship.
You were not hungry.

You visited 4 branches of the dungeon, and saw 27 of its levels.

You collected 2430 gold pieces.
You spent 39 gold pieces at shops.

Inventory:

Hand Weapons
 d - a +2 vorpal war axe
 g - a +1 hunting sling
 q - a +4 arbalest of flaming
 A - a +2 triple crossbow of freezing
 T - the +8 short sword of Moderation {flame, rC+ Str+9 Stlth-}
   (Okawaru gifted it to you on level 15 of the Dungeon)

   It has been specially enchanted to burn those struck by it, causing extra
   injury to most foes and up to half again as much damage against particularly
   susceptible opponents.
   It affects your strength (+9).
   It protects you from cold.
   It makes you less stealthy.
Missiles
 i - 188 sling bullets
 l - 8 throwing nets (quivered)
 C - 3 javelins
Armour
 t - a +2 pair of gloves of strength (worn)
 u - a +0 pair of boots (worn)
 D - a +2 cloak (worn)
 F - the +9 ice dragon scales "Kuokhlik" (worn) {rF- rC++ Dex+3}
   (Okawaru gifted it to you on level 3 of the Lair of Beasts)

   It affects your dexterity (+3).
   It makes you vulnerable to fire.
   It greatly protects you from cold.
   If you remove this armour, your AC will decrease by 24 (39 -> 15).
 P - a scarf of repulsion
 X - a +0 helmet (worn)
 Y - a +3 plate armour of cold resistance
Jewellery
 f - an uncursed ring of wizardry
 r - an uncursed ring of protection from cold
 K - an uncursed ring of see invisible
 N - an amulet of faith (around neck)
 S - an uncursed ring of resist corrosion
 U - the ring of Ebloaleb (left hand) {rN+ Str+2}
   (You found it on level 6 of the Lair of Beasts)

   [ring of positive energy]

   It affects your strength (+2).
   It protects you from negative energy.
 V - a +5 ring of protection (right hand)
 Z - an uncursed ring of protection from fire
Wands
 c - a wand of polymorph (18)
 o - a wand of digging (34)
 x - a wand of iceblast (37)
 y - a wand of flame (66)
 z - a wand of random effects (81)
 O - a wand of disintegration (9)
 Q - a wand of enslavement (14)
 R - a wand of acid (6)
Scrolls
 m - 9 scrolls of remove curse
 n - 2 scrolls of magic mapping
 s - 6 scrolls of enchant armour
 w - a scroll of identify
 H - 5 scrolls of enchant weapon
 I - 4 scrolls of fog
 J - 5 scrolls of teleportation
Potions
 a - 2 potions of resistance
 e - 5 potions of flight
 j - 3 potions of stabbing
 k - 12 potions of curing
 p - 2 potions of brilliance
 v - 5 potions of cancellation
 B - 2 potions of might
 E - 3 potions of invisibility
 G - 3 potions of haste
Miscellaneous
 h - a sack of spiders
 W - a phial of floods
Comestibles
 b - 41 rations
 L - 3 chunks of flesh


   Skills:
 * Level 14.3 Fighting
 + Level 13.6 Armour
 + Level 5.0 Dodging
 - Level 2.1 Stealth
 - Level 22.0 Unarmed Combat
 + Level 6.7 Invocations
 + Level 1.3 Evocations


You had 16 spell levels left.
You didn't know any spells.
Your spell library contained the following spells:

 Spells                   Type           Power        Failure   Level  Hunger
 Freeze                   Ice            #...         73%         1    ##.....
 Magic Dart               Conj           #...         73%         1    ##.....
 Sandblast                Erth           #.....       73%         1    ##.....
 Corpse Rot               Necr/Air       N/A          86%         2    ###....
 Passwall                 Tmut/Erth      #.......     86%         2    ###....
 Shroud of Golubria       Chrm/Tloc      #.....       86%         2    ###....
 Confusing Touch          Hex            #.......     97%         3    ####...
 Conjure Flame            Conj/Fire      #.......     97%         3    ####...
 Frozen Ramparts          Ice            #.....       97%         3    ####...
 Gell's Gravitas          Tloc           #.........   97%         3    ####...
 Ozocubu's Armour         Chrm/Ice       #.......     97%         3    ####...
 Recall                   Summ/Tloc      N/A          97%         3    ####...
 Stone Arrow              Conj/Erth      #.....       97%         3    ####...
 Dispel Undead            Necr           #.......     100%        4    #####..
 Hailstorm                Conj/Ice       #.......     100%        4    #####..
 Leda's Liquefaction      Hex/Erth       #.........   100%        4    #####..
 Petrify                  Tmut/Erth      #.......     100%        4    #####..
 Summon Ice Beast         Ice/Summ       #.......     100%        4    #####..
 Summon Lightning Spire   Summ/Air       #.......     100%        4    #####..
 Agony                    Necr           #.......     100%        5    ######.
 Excruciating Wounds      Chrm/Necr      #.........   100%        5    ######.
 Irradiate                Conj/Tmut      #.........   100%        5    ######.
 Lee's Rapid Deconstruct  Erth           #.........   100%        5    ######.
 Metabolic Englaciation   Hex/Ice        #.........   100%        5    ######.
 Silence                  Hex/Air        #.........   100%        5    ######.
 Yara's Violent Unravell  Hex/Tmut       #.........   100%        5    ######.
 Conjure Ball Lightning   Conj/Air       #.........   100%        6    #######
 Deflect Missiles         Chrm/Air       #.........   100%        6    #######
 Controlled Blink         Tloc           N/A          100%        8    #######
 Tornado                  Air            #.........   100%        9    #######
 Sublimation of Blood     Necr           Unusable     N/A         2    N/A
 Spider Form              Tmut/Pois      Unusable     N/A         3    N/A
 Hydra Form               Tmut           Unusable     N/A         6    N/A
 Statue Form              Tmut/Erth      Unusable     N/A         6    N/A
 Dragon Form              Tmut           Unusable     N/A         7    N/A

Dungeon Overview and Level Annotations

Branches:
Dungeon (15/15)            Temple (0/1) D:5            Lair (6/6) D:9
  Swamp (4/4) Lair:3       Spider (0/4) Lair:3        Slime (0/5) Lair:5
    Orc (2/2) D:9             Elf (0/3) Orc:2        Vaults (0/5) D:14
 Depths (0/5) D:15

Altars:
Ashenzari
Elyvilon
Gozag
Hepliaklqana
Kikubaaqudgha
Makhleb
Nemelex Xobeh
Okawaru
Sif Muna
Trog
Vehumet
Wu Jian
Xom
Yredelemnul
The Shining One
Beogh

Shops:
D:6 :   D:9 %   D:14 (   Orc:2 **(*

Annotations:
D:8 1 runed translucent door, exclusion: 4 orange crystal statues
Lair:1 3 runed translucent doors, Nixze's ghost, journeyman TrMo


Innate Abilities, Weirdness & Mutations

Your body is rotting away.
You thrive on raw meat.
You are immune to poison.
You have sharp fingernails.
You are carnivorous and can eat meat at any time.
Your flesh is cold resistant. (rC+)
You are immune to negative energy. (rN+++)
You do not regenerate when monsters are visible.
You are immune to unholy pain and torment.
You can survive without breathing.


Message History

Okay, then.
You feel much better.
A swamp drake comes into view.
The eight-headed hydra completely misses you.
The eight-headed hydra bites you!!
* * * LOW HITPOINT WARNING * * *
The eight-headed hydra barely misses you.
The eight-headed hydra misses you. The eight-headed hydra bites you!
* * * LOW HITPOINT WARNING * * *
The eight-headed hydra closely misses you.
The eight-headed hydra misses you. x2; The six-headed hydra barely misses you.
The six-headed hydra bites you but does no damage. x4
The six-headed hydra closely misses you.
Okay, then.
You feel better. The eight-headed hydra bites you.
* * * LOW HITPOINT WARNING * * *
The eight-headed hydra misses you.
The eight-headed hydra bites you but does no damage. x2
The eight-headed hydra misses you. The eight-headed hydra bites you!
You die...

.≈≈≈≈...≈≈≈≈≈♣♣♣..≈≈≈≈≈≈≈.♣
.≈≈≈≈..≈....♣♣♣.....♣♣≈.≈♣♣
≈≈≈≈≈..≈§≈♣♣♣≈≈.≈≈..♣♣<.♣♣
≈≈≈≈≈.≈♣♣ ♣.§≈≈.≈≈..≈≈.♣
≈≈≈≈≈≈.♣ ♣.≈≈≈≈≈.≈≈≈.♣♣
.≈≈≈≈≈§.♣♣♣♣......♣♣≈≈≈.♣
≈≈....♣≈....≈≈♣♣.≈≈.♣
≈≈≈.≈≈.†≈≈†♣♣♣♣♣§≈≈♣♣
≈≈≈.≈≈D@°≈≈♣♣♣ ♣♣..≈♣
♣♣♣♣♣♣°D°≈≈..♣♣ ♣♣♣♣♣
♣♣k°..≈≈.♣ ♣..$..≈≈.♣
.≈≈k≈≈≈[.≈♣ ≈..$..≈≈..≈.♣
##.≈..♣.≈≈≈.♣♣ ##♣≈.≈≈≈.♣♣♣
#..♣.≈?≈


You could see an eight-headed hydra, a six-headed hydra and 2 swamp drakes.

Vanquished Creatures
  Gastronok (D:12)
  3 thorn hunters (Swamp:2)
  Donald (Swamp:2)
  Azrael (D:12)
  15 hydras
  Harold (Orc:2)
  2 rakshasas (D:15)
  A shambling mangrove (Swamp:3)
  A two-headed ogre (shapeshifter) (D:14)
  11 alligators
  4 centaur warriors
  2 dancing weapons (D:14)
  6 two-headed ogres
  An ogre mage (D:15)
  A death yak (Lair:4)
  A death knight (D:13)
  A queen ant (Lair:3)
  7 orc high priests (Orc:2)
  Nergalle (D:12)
  Urug (D:12)
  2 spriggan druids
  2 unseen horrors (D:14)
  A glowing orange brain (D:15)
  A swamp dragon (Swamp:3)
  2 orc knights (Orc:2)
  Pikel (D:8)
  2 deep elf magi
  3 orc sorcerers
  A manticore (D:14)
  Maurice (D:8)
  3 cyclopes
  26 ugly things
  7 elephants
  A moth of wrath (shapeshifter) (D:15)
  6 black mambas
  4 gargoyles
  A torpor snail (Lair:4)
  17 spiny frogs
  4 rime drakes
  A rime drake (shapeshifter) (D:15)
  2 kobold demonologists (Swamp:2)
  6 komodo dragons
  A tengu conjurer (D:12)
  5 jumping spiders (Lair:3)
  6 polar bears
  11 tyrant leeches
  6 trolls
  11 hornets
  14 dream sheep
  8 bog bodies
  26 slime creatures
  A blink frog (Lair:6)
  10 hippogriffs
  Sigmund (D:4)
  20 spriggans
  3 wraiths
  42 yaks
  2 shadows
  A vampire (D:11)
  3 fire elementals (D:12)
  7 wyverns
  Grum (D:9)
  2 redbacks (Lair:3)
  5 basilisks
  5 hungry ghosts
  18 vampire mosquitoes
  12 swamp worms
  10 insubstantial wisps
  6 wargs
  6 soldier ants
  14 water moccasins
  5 hell hounds (D:12)
  37 orc warriors
  9 porcupines
  10 swamp drakes
  6 sky beasts
  2 ice beasts
  4 black bears
  9 ogres
  A phantom (D:5)
  4 boggarts (Lair:6)
  26 wolves
  19 crocodiles
  15 centaurs
  A big kobold (D:11)
  19 bullfrogs
  A gnoll sergeant (D:6)
  A water moccasin zombie (D:3)
  2 wyvern skeletons
  5 scorpions
  9 killer bees
  4 electric eels
  10 wights
  3 howler monkeys
  5 jellies
  8 crimson imps
  A quasit (D:9)
  4 centaur zombies
  5 hounds
  2 gnoll shamans
  45 orc priests
  19 orc wizards
  4 bullfrog skeletons
  6 centaur skeletons
  9 iguanas
  22 worker ants
  2 killer bee zombies
  3 hound skeletons
  A howler monkey zombie (D:6)
  A howler monkey skeleton (D:5)
  11 adders
  22 gnolls
  5 shadow imps
  3 oozes
  An adder skeleton (D:4)
  2 adder zombies
  8 leopard geckos
  145 orcs
  8 giant cockroaches
  10 goblins
  9 hobgoblins
  4 jackals (D:1)
  17 kobolds
  4 quokkas
  2 ball pythons
  8 bats
  4 frilled lizards
  A leopard gecko zombie (D:5)
  10 rats
1026 creatures vanquished.

Vanquished Creatures (collateral kills)
  A warg (Orc:2)
  2 orc priests (Orc:2)
3 creatures vanquished.

Vanquished Creatures (others)
  A slave (D:8)
  A hound (D:8)
  A gnoll (D:8)
  An adder (D:8)
  A bush (D:9)
  5 fungi
  13 plants
23 creatures vanquished.

Grand Total: 1052 creatures vanquished

Notes
Turn   | Place    | Note
-------+----------+-------------------------------------------
     0 | D:1      | An17 the Ghoul Monk began the quest for the Orb.
     0 | D:1      | Reached XP level 1. HP: 19/19 MP: 0/0
   103 | D:1      | Reached XP level 2. HP: 20/26 MP: 1/1
   188 | D:1      | Reached skill level 4 in Unarmed Combat
   233 | D:1      | Reached XP level 3. HP: 31/33 MP: 2/2
  1011 | D:2      | Reached XP level 4. HP: 39/40 MP: 3/3
  1161 | D:2      | Reached skill level 5 in Unarmed Combat
  1605 | D:3      | Reached XP level 5. HP: 35/46 MP: 4/4
  1686 | D:3      | Found a faded altar of an unknown god.
  1686 | D:3      | Found an ornate altar of the Wu Jian Council.
  1694 | D:3      | Found an opulent altar of Gozag.
  1698 | D:3      | Found an iron altar of Okawaru.
  1700 | D:3      | Found an ancient bone altar of Kikubaaqudgha.
  1715 | D:3      | Became a worshipper of Warmaster Okawaru
  1715 | D:3      | Reached * piety under Okawaru
  1715 | D:3      | Reached ** piety under Okawaru
  1864 | D:3      | Reached skill level 6 in Unarmed Combat
  1945 | D:3      | Reached XP level 6. HP: 37/52 MP: 5/5
  2644 | D:4      | Noticed an orc warrior
  2661 | D:4      | Killed an orc warrior
  2661 | D:4      | Reached skill level 1 in Armour
  2661 | D:4      | Reached skill level 7 in Unarmed Combat
  2677 | D:4      | Reached XP level 7. HP: 34/60 MP: 6/6
  2834 | D:4      | Got a pair of faintly humming gloves
  2835 | D:4      | Identified the +0 pair of gloves of the Eight Moons {Dex+7}
                  | (You found it on level 4 of the Dungeon)
  2996 | D:4      | Reached skill level 8 in Unarmed Combat
  3063 | D:4      | Noticed Sigmund
  3073 | D:4      | Killed Sigmund
  3223 | D:5      | Entered Level 5 of the Dungeon
  3314 | D:5      | Reached *** piety under Okawaru
  3314 | D:5      | Reached XP level 8. HP: 40/67 MP: 7/7
  3319 | D:5      | Reached skill level 9 in Unarmed Combat
  3353 | D:5      | Reached skill level 5 in Fighting
  3486 | D:5      | Reached skill level 10 in Unarmed Combat
  3674 | D:5      | Reached skill level 1 in Invocations
  3694 | D:5      | Found a staircase to the Ecumenical Temple.
  4010 | D:5      | Found a sparkling altar of Nemelex Xobeh.
  4016 | D:5      | Reached XP level 9. HP: 41/75 MP: 8/8
  4090 | D:6      | Found a white marble altar of Elyvilon.
  4118 | D:6      | Reached skill level 11 in Unarmed Combat
  4135 | D:6      | Found Dups's Book Emporium.
  4255 | D:6      | Reached **** piety under Okawaru
  5282 | D:6      | Found a hazy altar of Hepliaklqana.
  5639 | D:7      | Reached skill level 12 in Unarmed Combat
  5740 | D:7      | Reached XP level 10. HP: 76/84 MP: 10/10
  5797 | D:7      | Found a shattered altar of Ashenzari.
  6008 | D:7      | Found a bloodstained altar of Trog.
  6164 | D:8      | Found a glowing golden altar of the Shining One.
  6179 | D:8      | Found a basalt altar of Yredelemnul.
  6184 | D:8      | Found a runed translucent door.
  6190 | D:8      | Found the +10 tower shield of Ignorance {rN+ Int-4}
  6253 | D:8      | Noticed Pikel
  6261 | D:8      | Killed Pikel
  6261 | D:8      | Reached ***** piety under Okawaru
  6261 | D:8      | Reached skill level 13 in Unarmed Combat
  6297 | D:8      | Noticed Maurice
  6297 | D:8      | Noticed a white ugly thing
  6309 | D:8      | Killed a white ugly thing
  6319 | D:8      | Killed Maurice
  6319 | D:8      | Reached skill level 5 in Armour
  6693 | D:8      | Noticed an orange crystal statue
  6705 | D:8      | Found a runed translucent door.
  6960 | D:8      | Noticed an orange crystal statue
  6960 | D:8      | Noticed an orange crystal statue
  6960 | D:8      | Noticed an orange crystal statue
  7040 | D:9      | Found an iron altar of Okawaru.
  7121 | D:9      | Found a staircase to the Orcish Mines.
  7137 | D:9      | Reached skill level 14 in Unarmed Combat
  7250 | D:9      | Reached XP level 11. HP: 92/92 MP: 11/11
  7252 | D:9      | Received a gift from Okawaru
  7325 | D:9      | Found a staircase to the Lair.
  7331 | D:9      | Found Disoelur's Food Shoppe.
  7461 | D:9      | Reached skill level 15 in Unarmed Combat
  7560 | D:9      | Noticed Grum
  7588 | D:9      | Killed Grum
  7624 | D:9      | Found a burning altar of Makhleb.
  7625 | D:9      | Found a radiant altar of Vehumet.
  7742 | Lair:1   | Entered Level 1 of the Lair of Beasts
  7836 | Lair:1   | Noticed Nixze's ghost (journeyman TrMo)
  7837 | Lair:1   | Found a runed translucent gate.
  7838 | Lair:1   | Found a runed translucent gate.
  7839 | Lair:1   | Found a runed translucent gate.
  8207 | Lair:1   | Noticed a six-headed hydra
  8540 | D:9      | Received a gift from Okawaru
  8540 | D:9      | Reached skill level 16 in Unarmed Combat
  8602 | Lair:1   | Killed a six-headed hydra
  8688 | Lair:1   | Reached XP level 12. HP: 57/101 MP: 13/13
  9273 | Lair:2   | Received a gift from Okawaru
  9277 | Lair:2   | Got a slimy buckler {god gift}
  9302 | Lair:2   | Identified the +1 buckler of Recklessness {Int+5} (Okawaru
                  | gifted it to you on level 2 of the Lair of Beasts)
  9394 | Lair:2   | Reached skill level 17 in Unarmed Combat
  9784 | Lair:2   | Found a shimmering altar of Xom.
 10084 | Lair:2   | Noticed an eight-headed hydra
 10089 | Lair:2   | Killed an eight-headed hydra
 10306 | Lair:3   | Noticed a queen ant
 10335 | Lair:3   | Killed a queen ant
 10360 | Lair:3   | You fall into a shaft and drop 1 floor!
 10487 | Lair:4   | Reached skill level 18 in Unarmed Combat
 10729 | Lair:3   | Reached XP level 13. HP: 107/111 MP: 14/14
 10842 | Lair:3   | Found a staircase to the Swamp.
 11015 | Lair:3   | Received a gift from Okawaru
 11108 | Lair:3   | Found a hole to the Spider Nest.
 11372 | Lair:3   | Reached ****** piety under Okawaru
 11862 | Lair:4   | Reached skill level 19 in Unarmed Combat
 12465 | Lair:5   | Found a staircase to the Slime Pits.
 12483 | Lair:5   | Received a gift from Okawaru
 13253 | Lair:6   | Entered Level 6 of the Lair of Beasts
 13323 | Lair:6   | Received a gift from Okawaru
 13532 | Lair:6   | Reached XP level 14. HP: 117/119 MP: 15/15
 13555 | Lair:6   | Reached skill level 20 in Unarmed Combat
 13863 | Lair:6   | Reached skill level 10 in Fighting
 14106 | Lair:6   | Received a gift from Okawaru
 14224 | Lair:6   | Got a sparkling lead ring
 14230 | Lair:6   | Identified the ring of Ebloaleb {rN+ Str+2} (You found it
                  | on level 6 of the Lair of Beasts)
 14629 | D:10     | Entered Level 10 of the Dungeon
 15503 | D:11     | Identified the Guide on Attacks
 15540 | D:11     | Reached skill level 21 in Unarmed Combat
 15726 | D:11     | Identified Nocabbu's Disquisition on Shape Shifting and the
                  | Traveller
 15868 | D:12     | Noticed Gastronok
 15885 | D:12     | Killed Gastronok
 15943 | D:12     | Noticed Azrael
 15959 | D:12     | Killed Azrael
 15959 | D:12     | Received a gift from Okawaru
 16145 | D:12     | Noticed Urug
 16155 | D:12     | Killed Urug
 16555 | D:12     | Noticed Nergalle
 16567 | D:12     | Killed Nergalle
 16567 | D:12     | Reached XP level 15. HP: 127/128 MP: 13/16
 16580 | D:12     | Found a shimmering blue altar of Sif Muna.
 16751 | Orc:1    | Entered Level 1 of the Orcish Mines
 16797 | Orc:2    | Entered Level 2 of the Orcish Mines
 16849 | Orc:1    | Noticed Harold
 17119 | Orc:2    | Killed Harold
 17226 | Orc:1    | You fall into a shaft and drop 1 floor!
 17285 | Orc:1    | Found a roughly hewn altar of Beogh.
 17293 | Orc:2    | Received a gift from Okawaru
 17777 | Orc:2    | Found a staircase to the Elven Halls.
 18232 | Orc:2    | Reached skill level 10 in Armour
 18253 | Orc:2    | Found a roughly hewn altar of Beogh.
 18274 | Orc:2    | Found Ziyss's General Store.
 18274 | Orc:2    | Found Ykek's General Store.
 18292 | Orc:2    | Reached skill level 22 in Unarmed Combat
 18312 | Orc:2    | Bought a potion of curing for 39 gold pieces
 18356 | Orc:2    | Found Cianoche's Antique Weapon Boutique.
 18356 | Orc:2    | Found Zicach's General Store.
 18719 | Orc:2    | Found a roughly hewn altar of Beogh.
 19157 | Orc:1    | Paralysed by an orc sorcerer for 3 turns
 19511 | D:13     | Reached skill level 1 in Evocations
 19615 | D:13     | Identified the Tome of the Wary Orbs
 20255 | D:14     | Received a gift from Okawaru
 20563 | D:14     | Found a gate to the Vaults.
 20795 | D:14     | Found Vizoufugh's Antique Weapon Shop.
 20811 | D:14     | Reached skill level 5 in Invocations
 21249 | D:15     | Entered Level 15 of the Dungeon
 21295 | D:15     | Found a staircase to the Depths.
 21310 | D:15     | Reached XP level 16. HP: 109/139 MP: 17/19
 21399 | D:15     | Received a gift from Okawaru
 21452 | D:15     | Got an ichor-stained short sword {god gift}
 21453 | D:15     | Identified the +8 short sword of Moderation {flame, rC+
                  | Str+9 Stlth-} (Okawaru gifted it to you on level 15 of the
                  | Dungeon)
 22571 | Swamp:1  | Entered Level 1 of the Swamp
 22580 | Lair:3   | Received a gift from Okawaru
 22592 | Lair:3   | Got pitted ice dragon scales {god gift}
 22603 | Lair:3   | Identified the +9 ice dragon scales "Kuokhlik" {rF- rC++
                  | Dex+3} (Okawaru gifted it to you on level 3 of the Lair of
                  | Beasts)
 23470 | Swamp:2  | Noticed a thorn hunter
 23485 | Swamp:2  | Killed a thorn hunter
 23609 | Swamp:2  | Noticed Donald
 23618 | Swamp:2  | Killed Donald
 23618 | Swamp:2  | Received a gift from Okawaru
 23638 | Swamp:2  | Noticed a thorn hunter
 23648 | Swamp:2  | Killed a thorn hunter
 23696 | Swamp:2  | Received a gift from Okawaru
 23872 | Swamp:2  | Noticed a thorn hunter
 23889 | Swamp:2  | Killed a thorn hunter
 24190 | Swamp:3  | Reached XP level 17. HP: 151/151 MP: 20/20
 24602 | Swamp:3  | Received a gift from Okawaru
 24907 | Swamp:4  | Entered Level 4 of the Swamp
 25015 | Swamp:4  | Reached skill level 5 in Dodging
 25028 | Swamp:4  | HP: 6/154 [eight-headed hydra[a spriggan druid] (12)]
 25029 | Swamp:4  | Slain by an eight-headed hydra

Levels and vault maps discovered:
D:1:      lemuel_arrival_muddy, layout_basic, minmay_vboxes
D:2:      layout_basic, st_stairs_9, minmay_tetromino_i4
D:3:      layout_basic, chequers_temple_overflow_minitemple
D:4:      layout_loops_ring, first_ration, uniq_sigmund
D:5:      layout_basic, minmay_temple_entry_enclosed_plants,
          roderic_cross_of_infinity, nemelex_dance_club_becter
D:6:      layout_basic, overflow_temple_1_default, basic_altar, serial_shops,
          shop, chequers_big_river
D:7:      layout_rooms, cheibrodos_ashenzari_chains, lightli_temple_of_fire
D:8:      layout_gridville, tso_metal_star, lemuel_crystal_altar,
          chequers_guarded_unrand_ignorance, uniq_pikel, uniq_maurice
D:9:      layout_rooms, grunt_temple_overflow_lords_of_destruction,
          minmay_lair_entry_grove, hiddenorc2_lemuel, basic_altar, serial_shops,
          shop, uniq_grum
D:10:     layout_roguey
D:11:     minmay_the_grid_four_pointed_star
          [minmay_the_grid_triangle_9x9_negative_grid,
          minmay_the_grid_triangle_9x9_warning,
          minmay_the_grid_triangle_9x9_sparse_checkered,
          minmay_the_grid_triangle_9x9_corrupted_corridor,
          minmay_the_grid_prize_trominoes], layout_basic, special_room
          [special_room_orc]
D:12:     layout_loops_ring, grunt_tengu_nest, lemuel_blue_sif_altar,
          uniq_azrael, uniq_urug, uniq_gastronok, uniq_nergalle
D:13:     layout_loops_ring, columned_hall_lemuel
D:14:     layout_irregular_city, erik_vaults_1, serial_shops, shop_statue,
          minmay_hedge_maze, minmay_misc_feat_doors,
          chequers_serial_rivers_room_a
D:15:     gammafunk_enter_depths_forms, layout_layer_cave,
          hangedman_abyss_or_decor_lesser_grid
Lair:1:   beast_lair_carwin_large_2, layout_chaotic_city,
          ebering_ghost_rock_garden, nzn_random_ring, grunt_megastairs_4
Lair:2:   cheibrodos_lair_river_kwai, layout_cave_pods, basic_altar,
          chequers_serial_rivers_micro_d, st_stairs_11, ldierk_geyser,
          eino_small_chamber_without_monster
Lair:3:   layout_layer_cave, skrybe_swamp_entry_bodies,
          nicolae_spider_entry_tight_spaces, minmay_another_anthill,
          serial_bayou_shore_b
Lair:4:   layout_gridlike, chequers_serial_rivers_marsh, minmay_shattered_shrine
Lair:5:   layout_regular_city, minmay_slime_entry_pillars,
          gauntlet_entry_generic, patterned_corridor, infiniplex_staircase_pool,
          serial_bayou_shore_a
Lair:6:   minmay_lair_end_enchanted_forest, layout_loops_ring
Swamp:1:  layout_basic_swamp, evilmike_swamp_ruin_house_6, swamp_pool1,
          infiniplex_staircase_pool_2
Swamp:2:  layout_falls_marsh, evilmike_swamp_ruin_house_2, swamp_pool1,
          cheibrodos_swamp_kobolds, uniq_donald
Swamp:3:  layout_basic_swamp, evilmike_swamp_ruin_rubble_1
Swamp:4:  swamp, layout_basic_swamp
Orc:1:    layout_caves, basic_altar, uniq_harold
Orc:2:    st_orc_town, layout_diamond_mine, minmay_orc_temple_a

Skill      XL: |  1  2  3  4  5  6  7  8  9 10 11 12 13 14 15 16 17 |
---------------+----------------------------------------------------+-----
Unarmed Combat | 4 5 6 7 8 10 12 14 16 18 19 21 22 | 22.0
Fighting       | 4 5 6 7 8 9 10 12 13 14 | 14.3
Armour         | 1 2 3 4 5 6 7 9 11 13 | 13.6
Invocations    | 1 2 3 5 6 |  6.7
Evocations     | 1 |  1.3
Dodging        | 3 4 5 |  5.0
Stealth        | |  2.1

Action                   |  1- 3 |  4- 6 |  7- 9 | 10-12 | 13-15 | 16-18 || total
-------------------------+-------+-------+-------+-------+-------+-------++-------
Melee: Unarmed           |   114 |   188 |   337 |   726 |  1532 |   624 ||  3521
       Punch             |     2 |     2 |     8 |    23 |    90 |    68 ||   193
Invok: Heroism           |       |     3 |    10 |    12 |    27 |    11 ||    63
       Finesse           |       |       |       |     2 |     2 |       ||     4
Evoke: Phial of floods   |       |       |       |       |     1 |       ||     1
  Use: Scroll            |     2 |    10 |     5 |     5 |    11 |     3 ||    36
       Potion            |       |       |     3 |     4 |       |     3 ||    10
 Stab: Sleeping          |     3 |       |       |       |       |       ||     3
       Confused          |       |       |       |       |       |     1 ||     1
  Eat: Chunk             |    15 |    20 |    47 |   132 |   251 |    71 ||   536
Armor: Robe              |    11 |       |       |       |       |       ||    11
       Chain mail        |     3 |    88 |       |       |       |       ||    91
       Plate armour      |       |    13 |   185 |   449 |   987 |    64 ||  1698
       Ice dragon scales |       |       |       |       |       |   273 ||   273
Dodge: Dodged            |    52 |    61 |    70 |   208 |   571 |   320 ||  1282

Table legend:
 A = Non-vault XP
 B = Vault XP
 C = Vault XP percentage of total XP
 D = Non-vault monster count
 E = Vault monster count
 F = Vault count percentage of total count
                 A         B        C        D         E       F
            +---------+---------+-------+---------+---------+-------
      Total |  137764 |   60769 |  30.6 |     710 |     319 |  31.0
            +---------+---------+-------+---------+---------+-------
        D:1 |      55 |      20 |  26.7 |      26 |       7 |  21.2
        D:2 |      64 |       5 |   7.2 |      19 |       3 |  13.6
        D:3 |     221 |       0 |   0.0 |      27 |       0 |   0.0
        D:4 |     513 |     220 |  30.0 |      14 |       1 |   6.7
        D:5 |    1214 |     123 |   9.2 |      39 |       2 |   4.9
        D:6 |    1039 |       0 |   0.0 |      26 |       0 |   0.0
        D:7 |    1398 |       0 |   0.0 |      24 |       0 |   0.0
        D:8 |    1257 |    1101 |  46.7 |      13 |       2 |  13.3
        D:9 |    1105 |    3640 |  76.7 |      18 |      52 |  74.3
       D:10 |     923 |       0 |   0.0 |      18 |       0 |   0.0
       D:11 |    2530 |    4912 |  66.0 |      37 |      41 |  52.6
       D:12 |    2901 |    6726 |  69.9 |      11 |      13 |  54.2
       D:13 |    7741 |       0 |   0.0 |      42 |       0 |   0.0
       D:14 |   12931 |    1808 |  12.3 |      37 |       2 |   5.1
       D:15 |   15303 |    5128 |  25.1 |      40 |       9 |  18.4
     Lair:1 |    3945 |    3745 |  48.7 |      20 |      17 |  45.9
     Lair:2 |    3555 |    3131 |  46.8 |      16 |      10 |  38.5
     Lair:3 |    4653 |    4512 |  49.2 |      22 |      27 |  55.1
     Lair:4 |    5573 |    3623 |  39.4 |      22 |       7 |  24.1
     Lair:5 |    4816 |     524 |   9.8 |      20 |       2 |   9.1
     Lair:6 |   10466 |    9357 |  47.2 |      28 |      52 |  65.0
    Swamp:1 |   14789 |       0 |   0.0 |      42 |       0 |   0.0
    Swamp:2 |   16526 |    2738 |  14.2 |      22 |       3 |  12.0
    Swamp:3 |   13657 |       0 |   0.0 |      44 |       0 |   0.0
    Swamp:4 |    2704 |    1437 |  34.7 |       6 |       4 |  40.0
      Orc:1 |     831 |     155 |  15.7 |       7 |       1 |  12.5
      Orc:2 |    7054 |    7864 |  52.7 |      70 |      64 |  47.8
            +---------+---------+-------+---------+---------+-------
